[Event "Late-Titled-Tuesday-Blitz-March-19-2024"]
[Site "Chess.com"]
[Date "2024.03.19"]
[Round "3"]
[White "finec2"]
[Black "Aram7Adam"]
[Result "0-1"]
[WhiteElo "2249"]
[BlackElo "2443"]
[TimeControl "180+1"]
[EndTime "14:28:17 PDT"]
[Termination "Aram7Adam won by resignation"]

1. e4 c5 2. Nf3 Nc6 3. Bb5 e6 4.
O-O Nge7 5. Nc3 a6 6. Bxc6 Nxc6 7. d4 cxd4 8. Nxd4 Be7 9. Nxc6 bxc6 10. e5 O-O 11. Re1 f6 12. exf6 Bxf6 13. Ne4 d5 14. Nxf6+ Qxf6 15. Qe2 e5 16. c3 e4 17. Be3 Qg6 18.
Kh1 a5 19. Bd4 Ba6 20. Qe3 Rae8 21. b3 Rf5 22. a4 Ref8 23. Qg3 Rg5 24. Qh3 Bc8 25.
Qh4 Rg4 26. Qh3 Rg5 27. Qh4 Rg4 28. Qh3 Be6 29. Rg1 h5 30. Qe3 h4 31. h3 Rgf4 32. Qe2 Qf5 33. Raf1 Rf3 34. g4 hxg3 35. Rxg3 Rxg3 36. fxg3 Qxf1+ 37. Qxf1 Rxf1+ 0-1

[Event "Late-Titled-Tuesday-Blitz-March-19-2024"]
[Site "Chess.com"]
[Date "2024.03.19"]
[Round "3"]
[White "Rakitic2010"]
[Black "yuriydovzik"]
[Result "1-0"]
[WhiteElo "2578"]
[BlackElo "2116"]
[TimeControl "180+1"]
[EndTime "14:28:18 PDT"]
[Termination "Rakitic2010 won on time"]

1. e4 c6 2. Nf3 g6 3. d4 Na6 4.
Bxa6 Qa5+ 5. Nc3 Qxa6 6. h4 h6 7. Be3 d6 8. a4 Bg4 9. b4 b6 10.
d5 Qc4 11. Bd4 Nf6 12. Qd3 Qxd3 13. cxd3 c5 14. bxc5 bxc5 15. Bxf6 exf6 16. Nd2 Bd7 17. h5 Bg7 18. Nc4 f5 19. Kd2 Ke7 20. Rae1 f4 21. hxg6 fxg6 22. f3 Rab8 23. Kc2 Rb4 24. Rb1 Rhb8 25.
Rxb4 Rxb4 26. Nb5 Rxa4 27. Nbxd6 Ra2+ 28. Kb3 Rxg2 29. Nb7 Bd4 30. Rxh6 Bb5 31. Rh7+ Kf6 32. d6 Rg1 33. d7 1-0

[Event "Late-Titled-Tuesday-Blitz-March-19-2024"]
[Site "Chess.com"]
[Date "2024.03.19"]
[Round "3"]
[White "RantomOpening"]
[Black "Kimkibo"]
[Result "1-0"]
[WhiteElo "2592"]
[BlackElo "2273"]
[TimeControl "180+1"]
[EndTime "14:28:21 PDT"]
[Termination "RantomOpening won by checkmate"]

1. e4 c5 2. Nc3 Nc6 3. Nf3 g6 4. d4 cxd4 5. Nxd4 Bg7 6. Be3 d6 7. Qd2 Nf6 8. g3 Ng4 9. Nxc6 bxc6 10. Bd4 e5 11. Be3 Nxe3 12. Qxe3 Rb8 13. Bc4 Bh3 14.
Bb3 O-O 15. O-O-O Be6 16. Kb1 Qc7 17. f4 exf4 18. gxf4 d5 19. e5 Bf5 20. Qc5 Qb6 21. Qxb6 axb6 22. Na4 Rfe8 23. Rhf1 Kf8 24. Ka1 Ke7 25.
Nc3 h5 26. Ne2 Bg4 27. Rde1 Red8 28. Nd4 c5 29. Nc6+ Ke6 30. Nxb8 Rxb8 31. c4 d4 32. Ba4 Bf5 33. Bc6 Rd8 34. Bd5+ Rxd5 35. cxd5+ Kxd5 36. Rd1 Bh6 37. b3 b5 38. a4 bxa4 39. bxa4 Bc2 40. a5 Bxd1 41. Rxd1 Bxf4 42. a6 Kc6 43. Rb1 d3 44. a7 c4 45. a8=Q+ Kc5 46. Qa7+ Kd5 47. Qxf7+ Ke4 48. Qxg6+ Ke3 49. e6 c3 50. e7 c2 51.
e8=Q+ Kd2 52. Qg2+ Kc3 53. Qec6+ Kd4 54. Qge4# 1-0

[Event "Late-Titled-Tuesday-Blitz-March-19-2024"]
[Site "Chess.com"]
[Date "2024.03.19"]
[Round "3"]
[White "Airquake"]
[Black "uzkuzk"]
[Result "0-1"]
[WhiteElo "2635"]
[BlackElo "2502"]
[TimeControl "180+1"]
[EndTime "14:28:22 PDT"]
[Termination "uzkuzk won on time"]

1. f3 e5 2. Kf2 Nf6 3. g3 Nc6 4. Kg2 d5 5. d3 Be7 6. Nc3 O-O 7. e4 Be6 8. h4 Qd7 9. Nh3 h6 10. Nf2 Rad8 11. Be2 Nd4 12. g4 Nxe2 13. Qxe2 dxe4 14.
dxe4 Bc5 15. g5 Nh5 16. gxh6 g6 17. Nd3 Bd4 18. Bg5 f6 19. Bd2 f5 20. Bg5 fxe4 21.
Qxe4 Bf5 22. Qxb7 Bxc3 23. Bxd8 e4 24. h7+ Kxh7 25. Qxc7 Rxd8 26. Qxd7+ Rxd7 27. bxc3 exd3 28. cxd3 Rxd3 29. Rhd1 Rxc3 30. Rac1 Nf4+ 31. Kf2 Nd3+ 32. Rxd3 Rxc1 33. Ra3 Rc2+ 34. Kg3 Rc7 35. Rb3 Kh6 36. Rb8 Rc3 37. Rb2 Ra3 38. Re2 Kg7 39. Kf4 Kf6 40.
Rd2 Ra4+ 41. Kg3 Be6 42. Rd7 Bxd7 0-1

[Event "Late-Titled-Tuesday-Blitz-March-19-2024"]
[Site "Chess.com"]
[Date "2024.03.19"]
[Round "3"]
[White "SpeedofLight0"]
[Black "Lennis93"]
[Result "1-0"]
[WhiteElo "3072"]
[BlackElo "2739"]
[TimeControl "180+1"]
[EndTime "14:28:23 PDT"]
[Termination "SpeedofLight0 won by checkmate"]

1. d4 Nf6 2. Nc3 d5 3. Bf4 a6 4. e3 Bf5 5. Bd3 Bxd3 6. cxd3 e6 7. Qb3 b5 8. Nf3 Nbd7 9. O-O c5 10. dxc5 Bxc5 11.
Rac1 O-O 12. Ne2 Qe7 13. Rc3 Nh5 14. Bg5 f6 15. Bh4 g5 16. Bg3 Rfc8 17. Rfc1 Nb6 18.
Qc2 Nxg3 19. hxg3 Bb4 20. Rc6 Qd7 21. g4 Bd6 22. Ned4 Rxc6 23. Nxc6 Rc8 24. Nfd4 Rc7 25.
Qc3 Be5 26. Qc5 Na4 27. Qc2 Kg7 28. b3 Bxd4 29. exd4 Nb6 30. Qc5 Nc8 31. a4 Na7 32.
axb5 axb5 33. Ra1 Nxc6 34. Ra8 Ne7 35. Qb6 Rb7 36. Qa6 Ng6 37. Qa3 Nf4 38. Qf8+ Kg6 39.
Qg8+ Qg7 40. Qe8+ Qf7 41. Qh8 Kh6 42. Rf8 Qg7 43. Rxf6+ Ng6 44. Qd8 Rd7 45. Rxg6+ hxg6 46. Qb8 Rf7 47. Qh2# 1-0

[Event "Late-Titled-Tuesday-Blitz-March-19-2024"]
[Site "Chess.com"]
[Date "2024.03.19"]
[Round "3"]
[White "Meri-Arabidze"]
[Black "MaxLeto"]
[Result "0-1"]
[WhiteElo "2666"]
[BlackElo "2513"]
[TimeControl "180+1"]
[EndTime "14:28:24 PDT"]
[Termination "MaxLeto won on time"]

1. d4 h5 2. e4 h4 3. Nc3 d6 4.
h3 e5 5. Nf3 Nc6 6. d5 Nb8 7.
Bb5+ Nd7 8. Be3 a6 9. Bd3 Be7 10.
Qd2 Ngf6 11. O-O-O c5 12. dxc6 bxc6 13. Bg5 Nh5 14.
Bxe7 Qxe7 15. Bc4 Rh6 16. Ne2 Rb8 17. g4 hxg3 18. fxg3 Nc5 19. g4 Nxe4 20. Qe3 Nhg3 21. Nxg3 Nxg3 22. Rh2 f5 23. gxf5 Nxf5 24. Qa3 d5 25.
Qxe7+ Kxe7 26. Bb3 e4 27. Ng5 Kf6 28. Rg1 Bd7 29. c4 Rh5 30. h4 Nxh4 31. Rf2+ Bf5 32. cxd5 Rxg5 33. Rxg5 Kxg5 34. dxc6 Rc8 35. Bd5 Nf3 36.
Rg2+ Kf6 37. b4 g5 38. a4 Ke5 39. b5 axb5 40. axb5 Kxd5 41. Rc2 Nd4 42. b6 Nxc2 43. b7 Kxc6 44. bxc8=Q+ Bxc8 45. Kxc2 Kd5 0-1

[Event "Late-Titled-Tuesday-Blitz-March-19-2024"]
[Site "Chess.com"]
[Date "2024.03.19"]
[Round "3"]
[White "picturesquecheck"]
[Black "campochess"]
[Result "1-0"]
[WhiteElo "2416"]
[BlackElo "2195"]
[TimeControl "180+1"]
[EndTime "14:28:24 PDT"]
[Termination "picturesquecheck won by resignation"]

1. e4 c5 2. Nf3 Nc6 3. Bb5 e5 4. O-O Bd6 5. c3 Nge7 6. d4 Qc7 7. d5 Nd8 8. Nbd2 O-O 9. a4 a6 10. Bd3 f5 11. Re1 f4 12. Nc4 Nf7 13. Bd2 b6 14. b4 a5 15. bxa5 bxa5 16. Rb1 Ba6 17. Qe2 Bxc4 18. Bxc4 Rab8 19. Rb5 Rxb5 20. Bxb5 Qa7 21.
c4 Bb8 22. Bc3 d6 23. Qd2 Nc8 24. Bxa5 Qe7 25. h3 g5 26. Bc3 h5 27. Nh2 Nh6 28. Qe2 Qf7 29. a5 Kh7 30. a6 Rg8 31. f3 Na7 32. Rb1 Bc7 33. Bc6 Rb8 34. Rxb8 Bxb8 35. Qb2 Qc7 36. Nf1 g4 37. Ba5 Qc8 38. hxg4 hxg4 39.
Qb7+ Kg6 40. Bb6 Qxb7 41. Bxb7 gxf3 42. gxf3 Nf7 43. Nd2 Kf6 44. Nb3 Ke7 45. Na5 Kd7 46. Bxa7 Bxa7 47. Nc6 Bb6 48. a7 Bxa7 49. Nxa7 Kc7 50.
Bc6 Kb6 51. Nb5 Nd8 52. Nxd6 Nxc6 53. dxc6 Kxc6 54. Nb5 Kb6 55. Kf2 1-0

[Event "Late-Titled-Tuesday-Blitz-March-19-2024"]
[Site "Chess.com"]
[Date "2024.03.19"]
[Round "3"]
[White "Mops_2004"]
[Black "Pawngobblerx2000"]
[Result "1-0"]
[WhiteElo "2737"]
[BlackElo "2517"]
[TimeControl "180+1"]
[EndTime "14:28:26 PDT"]
[Termination "Mops_2004 won by resignation"]

1. e4 c5 2. Nf3 d6 3. d4 cxd4 4.
Nxd4 Nf6 5. Nc3 g6 6. h3 Bg7 7.
g3 Nc6 8. Be3 O-O 9. Bg2 Bd7 10.
a4 Ne5 11. b3 Rc8 12. Qd2 Qa5 13. Nd5 Qxd2+ 14. Kxd2 Nxd5 15. exd5 f5 16. Rhe1 Rfe8 17. f4 Nf7 18. Rac1 b6 19. c4 Nd8 20. b4 e5 21.
Nb5 Bxb5 22. cxb5 Nb7 23. Rc6 exf4 24. Bxf4 Rcd8 25. Rc7 Rxe1 26. Kxe1 Rb8 27. Kd2 h6 28. g4 g5 29. Be3 f4 30. Bf2 Be5 31. Be4 Bg7 32. Bf5 Kf8 33. Be6 Nd8 34. Rxa7 Nxe6 35. dxe6 Be5 36. Kd3 d5 37. Rd7 d4 38. Bxd4 Bxd4 39.
Kxd4 Ra8 40. Ke5 Rxa4 41. Kf6 Ra8 42. Rh7 Kg8 43. Rg7+ Kf8 44. e7+ 1-0

[Event "Late-Titled-Tuesday-Blitz-March-19-2024"]
[Site "Chess.com"]
[Date "2024.03.19"]
[Round "3"]
[White "GoltsevDmitry2000"]
[Black "steepedgames"]
[Result "1-0"]
[WhiteElo "2752"]
[BlackElo "2520"]
[TimeControl "180+1"]
[EndTime "14:28:27 PDT"]
[Termination "GoltsevDmitry2000 won by resignation"]

1. e4 e6 2. d4 d5 3. exd5 exd5 4.
Nf3 Nf6 5. c4 Bd6 6. Nc3 c6 7. Bd3 dxc4 8. Bxc4 O-O 9. O-O Bg4 10.
Bg5 Nbd7 11. Re1 Qc7 12. h3 Bh5 13. Rc1 h6 14. Bh4 g5 15. Bg3 Bxg3 16. fxg3 Qxg3 17. Rf1 Rae8 18. Qd3 Kg7 19. Ne2 Qd6 20. Rce1 Bg6 21. Qb3 Nb6 22. Ne5 Nxc4 23. Qxc4 Nd7 24. Nd3 Nb6 25.
Qc3 Nd5 26. Qd2 Ne3 27. Rf3 Nf5 28. Qc3 f6 29. Nc5 Nxd4 30. Nxd4 Rxe1+ 31. Qxe1 Qxd4+ 32. Qe3 Qxe3+ 33. Rxe3 Re8 34. Ra3 b6 35. Rxa7+ Bf7 36. Na4 Re1+ 37. Kh2 Rb1 38. b3 b5 39. Nc5 Rc1 40. Ne4 Kg6 41. Nd6 Bd5 42. g4 Rc2+ 43. Kg1 h5 44. Nf5 hxg4 45. hxg4 Rg2+ 46. Kf1 Rxg4 47. Ne7+ Kh6 48. Kf2 Rf4+ 49. Kg3 Rf3+ 50. Kg4 f5+ 51. Nxf5+ Kg6 52. Ne7+ Kh6 53. Nxd5 1-0

[Event "Late-Titled-Tuesday-Blitz-March-19-2024"]
[Site "Chess.com"]
[Date "2024.03.19"]
[Round "3"]
[White "czasnaszachy"]
[Black "Longstom"]
[Result "1/2-1/2"]
[WhiteElo "2426"]
[BlackElo "2230"]
[TimeControl "180+1"]
[EndTime "14:28:27 PDT"]
[Termination "Game drawn - insufficient material"]

1. e4 c5 2. Nf3 d6 3. d4 cxd4 4. Nxd4 g6 5. c4 Bg7 6. Nc3 Nc6 7. Be3 Nf6 8. Be2 O-O 9. O-O Bd7 10. h3 Rc8 11. Qc2 Ng4 12. Bxg4 Nxd4 13. Qd3 Bxg4 14. hxg4 Nc6 15. Bf4 Nb4 16. Qe2 Bxc3 17. bxc3 Na6 18. e5 dxe5 19. Bh6 Qa5 20. Bxf8 Kxf8 21. Rab1 b6 22.
Rb5 Qxc3 23. Rxe5 Qxc4 24. Rxe7 Qxe2 25. Rxe2 Rc4 26. f3 Nc5 27. Rd1 Ra4 28. Rd8+ Kg7 29. Rdd2 Rb4 30. Kf2 Rb1 31. Kg3 Rc1 32. g5 Rc3 33.
Re8 h6 34. gxh6+ Kxh6 35. Re7 Kg5 36. Rxa7 Ne4+ 37. Kh2 Nxd2 38. Rxf7 Rc2 39. Rb7 Nxf3+ 40. Kg3 Ne1 41. Rxb6 Rxg2+ 42. Kh3 Rxa2 43. Rb5+ Kh6 44. Rb1 Nd3 45. Rb3 Rd2 46. Kg3 Kh5 47. Rb8 Nc5 48. Rh8+ Kg5 49. Rc8 Rd5 50. Re8 Rf5 51.
Re3 Nd7 52. Ra3 Nf6 53. Ra6 Nh5+ 54. Kg2 Kg4 55. Rxg6+ Rg5 56. Rxg5+ Kxg5 1/2-1/2

[Event "Late-Titled-Tuesday-Blitz-March-19-2024"]
[Site "Chess.com"]
[Date "2024.03.19"]
[Round "3"]
[White "Crazy_girl99"]
[Black "KnightmareJoker"]
[Result "0-1"]
[WhiteElo "2582"]
[BlackElo "2322"]
[TimeControl "180+1"]
[EndTime "14:28:28 PDT"]
[Termination "KnightmareJoker won by checkmate"]

1. e4 e5 2. Nf3 Nc6 3. Bb5 a6 4.
Ba4 Nf6 5. O-O b5 6. Bb3 Bc5 7. c3 d6 8. d4 Bb6 9. Re1 Bg4 10. Be3 O-O 11. d5 Bxe3 12. Rxe3 Ne7 13. h3 Bd7 14.
Nbd2 Ng6 15. Nf1 Nf4 16. Ng3 g6 17. Rc1 h5 18. c4 Nh7 19. c5 h4 20. Ne2 Ng5 21.
Nxg5 Qxg5 22. Nxf4 exf4 23. Re1 Bxh3 24. Qf3 Bg4 25. Qd3 f3 26. Bd1 Qxc1 27. gxf3 Bh5 28. c6 Qg5+ 29. Kh1 h3 30. Rg1 Qf4 31. Rg3 Kg7 32. Kh2 Rh8 33. Qc3+ Qe5 34. Qe3 Qxb2 35. a3 Qe5 36. f4 Qf6 37. e5 dxe5 38. fxe5 Qf5 39.
Rg5 Qb1 40. Bxh5 Rxh5 41. Rxh5 gxh5 42. d6 Rg8 43. d7 Kh7 44. Qg3 Rxg3 45. Kxg3 Qd3+ 46.
Kh2 Kg6 47. f4 Kf5 48. e6 fxe6 49. Kh1 Qd2 50. a4 Qg2# 0-1

[Event "Late-Titled-Tuesday-Blitz-March-19-2024"]
[Site "Chess.com"]
[Date "2024.03.19"]
[Round "3"]
[White "IMRosen"]
[Black "secretsuperstar7"]
[Result "0-1"]
[WhiteElo "2644"]
[BlackElo "2502"]
[TimeControl "180+1"]
[EndTime "14:28:29 PDT"]
[Termination "secretsuperstar7 won by checkmate"]

1. e4 c5 2. Nc3 e5 3. Bc4 d6 4. d3 Nf6 5. f4 exf4 6. Bxf4 Be7 7. Nf3 Nc6 8. O-O O-O 9. Kh1 a6 10. a4 Bg4 11. Qe1 Rb8 12. h3 Bxf3 13. gxf3 Nd4 14. Qf2 b5 15. axb5 axb5 16. Ba2 b4 17. Nd5 Nxd5 18.
Bxd5 Qd7 19. Kh2 Kh8 20. Rg1 f5 21. c3 bxc3 22. bxc3 Nb5 23. Rac1 fxe4 24. Qg3 g6 25. fxe4 Nc7 26. Bc4 Ne6 27. Bh6 Bf6 28. Kh1 Be5 29. Qg4 Rf2 30. Rg2 Rxg2 31. Qxg2 Nf4 32. Bxf4 Bxf4 33. Rf1 g5 34. d4 cxd4 35. cxd4 Qc7 36.
Bd5 Qc3 37. Rd1 Rb2 38. Qg1 Qxh3+ 39. Qh2 Qxh2# 0-1

[Event "Late-Titled-Tuesday-Blitz-March-19-2024"]
[Site "Chess.com"]
[Date "2024.03.19"]
[Round "3"]
[White "azikom"]
[Black "ashookk"]
[Result "0-1"]
[WhiteElo "2594"]
[BlackElo "2349"]
[TimeControl "180+1"]
[EndTime "14:28:29 PDT"]
[Termination "ashookk won on time"]

1. c4 Nf6 2. Nc3 g6 3. e4 d6 4. d4 Bg7 5. Bg5 c5 6. d5 b5 7.
cxb5 a6 8. a4 O-O 9. f3 axb5 10.
Bxb5 Ba6 11. Nge2 Qa5 12. O-O Nbd7 13. Bd2 Ne5 14. b3 c4 15. Bxa6 Rxa6 16. Nb5 Qb6+ 17. Kh1 Nd3 18. bxc4 Nf2+ 19. Rxf2 Qxf2 20. Bc3 Rc8 21. Bd4 Qh4 22. Qb3 Nd7 23. Bxg7 Kxg7 24. h3 Nc5 25. Qb2+ Qf6 26. Qxf6+ Kxf6 27. Nec3 h5 28.
Nd4 Rca8 29. Nc6 Nxa4 30. Nb5 Nc5 31. Rc1 Ra1 32. Rxa1 Rxa1+ 33. Kh2 Rc1 34. Na5 h4 35. Nc7 Kg5 36. Ne8 Nd3 37. Nc6 Nf4 38. Nxe7 Rc2 39. Kg1 Rxg2+ 40. Kf1 Rc2 0-1

[Event "Late-Titled-Tuesday-Blitz-March-19-2024"]
[Site "Chess.com"]
[Date "2024.03.19"]
[Round "3"]
[White "Blitzstream"]
[Black "Muracle"]
[Result "0-1"]
[WhiteElo "2830"]
[BlackElo "2603"]
[TimeControl "180+1"]
[EndTime "14:28:30 PDT"]
[Termination "Muracle won by checkmate"]

1. e4 c6 2. c4 d5 3. exd5 cxd5 4. cxd5 Nf6 5. Nc3 Nxd5 6. Nf3 g6 7. Bc4 Nb6 8. Bb3 Bg7 9. O-O Nc6 10. d4 O-O 11. d5 Na5 12. Bg5 Re8 13. Re1 Bg4 14. d6 Qxd6 15. Bxf7+ Kxf7 16. Rxe7+ Qxe7 17. Bxe7 Kxe7 18. Nb5 Nac4 19. h3 Rad8 20. Qb3 Bf5 21. Nxa7 Kf8 22. a4 Rd3 23. Qb4+ Kg8 24. a5 Bf8 25. Qb5 Bd7 26. Qg5 Nd5 27. b3 Nd6 28. Ne5 Ne4 29. Qh4 Rxe5 30.
Qd8 Ndf6 31. Qb8 Re8 32. Qxb7 Bc5 33. Nc6 Bxf2+ 34. Kh1 Re6 35. Qb8+ Kg7 36. Ne5 Bg3 37. a6 Bxe5 38. Qb7 Red6 39. g4 Ng3+ 40. Kg2 Rd2+ 41. Kg1 Bd4# 0-1

[Event "Late-Titled-Tuesday-Blitz-March-19-2024"]
[Site "Chess.com"]
[Date "2024.03.19"]
[Round "3"]
[White "zverr1"]
[Black "David_ATM"]
[Result "0-1"]
[WhiteElo "2542"]
[BlackElo "2331"]
[TimeControl "180+1"]
[EndTime "14:28:30 PDT"]
[Termination "David_ATM won by checkmate"]

1. d4 d5 2. c4 c6 3. e3 Nf6 4.
Nf3 Bf5 5. Nc3 e6 6. Nh4 Be4 7. f3 Bg6 8. g3 Nbd7 9. cxd5 exd5 10.
Bg2 Be7 11. O-O O-O 12. Nxg6 hxg6 13. e4 Nb6 14. e5 Ne8 15. f4 Nc7 16. b3 a5 17. Be3 a4 18. h4 Qd7 19. h5 axb3 20.
hxg6 b2 21. gxf7+ Rxf7 22. Rb1 Nc4 23. Qd3 Qf5 24. Qxf5 Rxf5 25. Nd1 Rxa2 26. Bh3 Rf8 27. Nc3 Ra3 28. Nd1 Nxe3 29. Nxe3 Rxe3 30. Rxb2 Nb5 31. Kf2 Rd3 32. Be6+ Kh7 33. f5 g6 34. Rh1+ Kg7 35.
f6+ Bxf6 36. exf6+ Rxf6+ 37. Ke2 Rxg3 38. Bh3 Nxd4+ 39.
Kd1 b5 40. Rd2 c5 41. Bd7 b4 42. Ba4 Ra3 43. Bc2 Ra1+ 44. Bb1 Rxb1# 0-1

[Event "Late-Titled-Tuesday-Blitz-March-19-2024"]
[Site "Chess.com"]
[Date "2024.03.19"]
[Round "3"]
[White "ContrVersia"]
[Black "manitodeplomo"]
[Result "1-0"]
[WhiteElo "2924"]
[BlackElo "2661"]
[TimeControl "180+1"]
[EndTime "14:28:31 PDT"]
[Termination "ContrVersia won on time"]

1. Nf3 Nf6 2. c4 e6 3. g3 b6 4. Bg2 Bb7 5. O-O Be7 6. d4 d5 7. cxd5 Nxd5 8. Re1 O-O 9. e4 Nf6 10. Nc3 c5 11. d5 exd5 12. exd5 a6 13. Ne5 Bd6 14.
Nc6 Qc7 15. Bg5 Nbd7 16. Ne7+ Kh8 17. Nf5 Rfe8 18. Qd2 b5 19. Nxg7 Kxg7 20. Bxf6+ Nxf6 21. Qg5+ Kf8 22. Qxf6 Be5 23. Qh6+ Bg7 24. Qxh7 c4 25.
a3 Qb6 26. Rad1 Qg6 27. Qxg6 fxg6 28. d6 Rxe1+ 29. Rxe1 Bxg2 30. Kxg2 Rd8 31. Rd1 Kf7 32. Rd2 Ke6 33. Ne4 Kd7 34. Nc5+ Kc6 35. Ne6 Rd7 36.
Nxg7 Rxg7 37. d7 Rxd7 38. Rxd7 Kxd7 39. Kf3 a5 40. Ke3 b4 41. axb4 axb4 42. Kd4 c3 43.
bxc3 b3 44. Kd3 Ke6 45. Kd2 Kd5 46. Kc1 Kc4 47. Kb2 g5 48. h4 gxh4 49. gxh4 1-0

[Event "Late-Titled-Tuesday-Blitz-March-19-2024"]
[Site "Chess.com"]
[Date "2024.03.19"]
[Round "3"]
[White "stollenmonster"]
[Black "PolandHussars"]
[Result "1-0"]
[WhiteElo "2892"]
[BlackElo "2549"]
[TimeControl "180+1"]
[EndTime "14:28:31 PDT"]
[Termination "stollenmonster won on time"]

1. e4 e5 2. Nc3 Nf6 3. g3 d5 4. exd5 Nxd5 5. Bg2 Nxc3 6. bxc3 Bd6 7. d3 O-O 8. Ne2 c6 9. O-O Nd7 10. h3 Nf6 11. g4 h6 12. Ng3 Re8 13. c4 Rb8 14. Rb1 Be6 15. Be3 Qe7 16. Qd2 Bc5 17.
Rfe1 Nd7 18. Kh2 Bxe3 19. Qxe3 a6 20. a4 f6 21. Ne4 Nf8 22. f4 Bf7 23. f5 Red8 24.
a5 Rd4 25. h4 Nh7 26. Rg1 Kh8 27. Bf3 g5 28. fxg6 Bxg6 29. Qxh6 Rg8 30. Rbf1 Be8 31. Bg2 Rg6 32. Qe3 f5 33. gxf5 Qxh4+ 34. Bh3 Rh6 35. Rg3 Bf7 36. Rfg1 Nf6 37. Ng5 Bg8 38. Qxe5 Rf4 39. R1g2 Rf1 40. Ne4 Rh1+ 41. Kxh1 Qxh3+ 42. Rxh3 Rxh3+ 43. Kg1 1-0

[Event "Late-Titled-Tuesday-Blitz-March-19-2024"]
[Site "Chess.com"]
[Date "2024.03.19"]
[Round "3"]
[White "Iuckyducky"]
[Black "Truequitos"]
[Result "0-1"]
[WhiteElo "2302"]
[BlackElo "2548"]
[TimeControl "180+1"]
[EndTime "14:28:33 PDT"]
[Termination "Truequitos won by resignation"]

1. e4 e6 2. d4 d5 3. Nc3 h6 4.
Nf3 Nf6 5. exd5 exd5 6. Bd3 Bb4 7. h3 O-O 8. Be3 Re8 9. Qd2 Ne4 10. Bxe4 dxe4 11.
Ne5 f6 12. Ng6 Bf5 13. Nf4 c5 14. O-O-O cxd4 15. Bxd4 Nc6 16. Nfd5 Qxd5 17. Nxd5 Bxd2+ 18. Rxd2 Red8 19. c4 b5 20. cxb5 Rxd5 21. bxc6 Rc8 22. Bc3 Rxd2 23. Kxd2 Rxc6 24. Ke3 Kf7 25. Rd1 Ke7 26. a3 g5 27. Rd5 Bg6 28. Ra5 a6 29. Rd5 f5 30. Bb4+ Ke6 31. Rd2 f4+ 32. Ke2 Rc1 33.
Rd6+ Kf5 34. Bc3 Bh5+ 35. f3 exf3+ 36. gxf3 Rc2+ 37. Kd1 Rxc3 38. bxc3 Bxf3+ 39. Kd2 h5 40. Rxa6 g4 41. hxg4+ hxg4 42. Ke1 Ke4 43. Rd6 Ke3 44. a4 Be4 45. a5 f3 46. Re6 g3 47. Rxe4+ Kxe4 48. a6 Ke3 49. a7 g2 0-1

[Event "Late-Titled-Tuesday-Blitz-March-19-2024"]
[Site "Chess.com"]
[Date "2024.03.19"]
[Round "3"]
[White "AryanTari"]
[Black "joksijoksi"]
[Result "1-0"]
[WhiteElo "3011"]
[BlackElo "2570"]
[TimeControl "180+1"]
[EndTime "14:28:34 PDT"]
[Termination "AryanTari won by resignation"]

1. Nf3 d5 2. Nc3 Nf6 3. g3 c5 4. Bg2 Nc6 5. d3 g6 6. O-O Bg7 7. a3 O-O 8. Rb1 Bf5 9. b4 cxb4 10. axb4 a6 11. Bd2 e5 12. b5 axb5 13. Nxb5 d4 14. e3 dxe3 15. Bxe3 Nd5 16. Bc5 Re8 17. c4 Nde7 18. Nd6 Rf8 19. Rxb7 Ra5 20. Nxf5 Rxc5 21. Nxe7+ Nxe7 22. Ng5 Nf5 23. Ne4 Rc7 24. Rxc7 Qxc7 25. Nc3 Nd4 26. Qa4 Qd6 27. Nd5 h5 28. Rb1 h4 29. Rb6 Qc5 30. Qb4 Qxb4 31. Nxb4 hxg3 32. hxg3 Rd8 33. Bd5 Bf8 34. Rxg6+ Kh7 35. Rb6 f5 36. Kg2 Bc5 37. Rb7+ Kg6 38. Na6 Bd6 39. c5 Be7 40.
Rxe7 Rxd5 41. c6 Nxc6 42. Re6+ Kg5 43. Rxc6 Rxd3 44. Nc5 Rd2 45. Ne6+ Kh5 46. Kf3 Rd3+ 47. Ke2 Ra3 48. Rc5 Ra2+ 49. Kf1 Ra1+ 50. Kg2 Re1 51. Nf4+ Kg5 52. Nd3 Rd1 53. Nxe5 1-0

[Event "Late-Titled-Tuesday-Blitz-March-19-2024"]
[Site "Chess.com"]
[Date "2024.03.19"]
[Round "3"]
[White "Mackster23"]
[Black "ckgchess"]
[Result "0-1"]
[WhiteElo "2559"]
[BlackElo "2933"]
[TimeControl "180+1"]
[EndTime "14:28:34 PDT"]
[Termination "ckgchess won on time"]

1. e4 c5 2. Nf3 d6 3. d4 cxd4 4. Nxd4 Nf6 5. Nc3 e5 6. Bb5+ Nbd7 7. Nf5 a6 8. Be2 Nc5 9. Ng3 h6 10. a4 Be7 11. a5 O-O 12. Be3 Be6 13. b4 Ncd7 14. Nd5 Bxd5 15. exd5 Ne8 16. Nf5 Bg5 17. Qd2 Bxe3 18. Qxe3 Qf6 19. Ng3 Qh4 20. Nf5 Qxb4+ 21.
Qd2 Qe4 22. Ng3 Qg6 23. Rb1 Nc5 24. O-O f5 25. f4 e4 26. Rb6 Qf7 27. Rfb1 Qc7 28.
Qd4 g6 29. Nf1 Qg7 30. Qd2 Rc8 31. Ne3 Rc7 32. g3 Rf6 33. Kg2 g5 34. Rf1 Nd7 35. fxg5 Qxg5 36. h4 Qg6 37. Rb4 f4 38. Ng4 f3+ 39.
Kh2 Qxg4 40. Bd3 Nc5 41. Qc3 Nxd3 42. Qxd3 Rg6 0-1

[Event "Late-Titled-Tuesday-Blitz-March-19-2024"]
[Site "Chess.com"]
[Date "2024.03.19"]
[Round "3"]
[White "FontVella8"]
[Black "VanRommel28"]
[Result "1-0"]
[WhiteElo "2687"]
[BlackElo "2501"]
[TimeControl "180+1"]
[EndTime "14:28:34 PDT"]
[Termination "FontVella8 won on time"]

1. Nf3 g6 2. g3 Bg7 3. Bg2 Nf6 4. O-O O-O 5. c4 d6 6. Nc3 c6 7. d4 Bf5 8. Nh4 Be6 9. Qd3 d5 10. c5 b6 11. cxb6 axb6 12. Rd1 Nbd7 13. f4 c5 14. f5 gxf5 15. Nxf5 Bxf5 16. Qxf5 e6 17. Qg5 cxd4 18.
Rxd4 Ne4 19. Qe3 Bxd4 20. Qxd4 Nxc3 21. bxc3 Qf6 22. Qg4+ Kh8 23. Be3 Ne5 24. Qh5 Nc4 25. Bd4 e5 26. Rf1 Qg7 27. Bf2 Rad8 28. g4 f5 29. Bh4 Ne3 30. Bxd8 Nxf1 31. Bxb6 Nd2 32.
gxf5 Rg8 33. Qh3 Qg5 34. Be3 Qf6 35. Bxd2 d4 36. cxd4 Rb8 37. Be4 exd4 38. Kf2 Rg8 39. Bf4 Re8 40. Qg3 Rg8 41. Be5 1-0

[Event "Late-Titled-Tuesday-Blitz-March-19-2024"]
[Site "Chess.com"]
[Date "2024.03.19"]
[Round "3"]
[White "annasargsyan_m"]
[Black "DFeco"]
[Result "1-0"]
[WhiteElo "2637"]
[BlackElo "2437"]
[TimeControl "180+1"]
[EndTime "14:28:34 PDT"]
[Termination "annasargsyan_m won by checkmate"]

1. d4 d5 2. c4 c6 3. Nc3 Nf6 4. Nf3 a6 5. cxd5 cxd5 6. Bf4 Nc6 7. e3 Bf5 8. Qb3 Na5 9. Qa4+ b5 10. Bxb5+ axb5 11. Nxb5 Bd7 12. Ne5 Bxb5 13. Qxb5+ Nd7 14. b4 Nc4 15.
Nxf7 Kxf7 16. Qxd5+ e6 17. Qxc4 Nb6 18. Qb3 Nd5 19. O-O Bxb4 20. Be5 Bd6 21. e4 Bxe5 22. exd5 Bxd4 23. dxe6+ Ke7 24. Rad1 Qb6 25. Qg3 Rxa2 26. Qg5+ Ke8 27. Qd5 Ra7 28. Rxd4 Ke7 29. Qg5+ Ke8 30. Rfd1 Re7 31. Rd7 Qxe6 32. Rd8+ Kf7 33. Qf4+ Kg6 34. Qg3+ Kf7 35. Qf3+ Kg6 36. R8d6 Rhe8 37. Rxe6+ Rxe6 38. h4 Re1+ 39. Rxe1 Rxe1+ 40. Kh2 Re5 41. g4 Re6 42.
Qf5+ Kh6 43. Qg5# 1-0

[Event "Late-Titled-Tuesday-Blitz-March-19-2024"]
[Site "Chess.com"]
[Date "2024.03.19"]
[Round "3"]
[White "ninguno46"]
[Black "AlexeiShirov"]
[Result "0-1"]
[WhiteElo "2539"]
[BlackElo "2834"]
[TimeControl "180+1"]
[EndTime "14:28:35 PDT"]
[Termination "AlexeiShirov won on time"]

1. e4 e5 2. Nf3 Nc6 3. d4 exd4 4. Bc4 Bc5 5. c3 Nf6 6. cxd4 Bb4+ 7. Bd2 Nxe4 8.
Bxb4 Nxb4 9. Bxf7+ Kxf7 10. Qb3+ Kf8 11. Qxb4+ Qe7 12. Qxe7+ Kxe7 13. O-O Nf6 14. Re1+ Kd8 15. Nc3 d6 16. Rac1 a6 17. h3 Rf8 18. d5 h6 19. Nd4 Re8 20. Rxe8+ Kxe8 21. f4 Bd7 22. f5 Rc8 23. g4 Kf7 24. Kf2 c5 25. dxc6 bxc6 26. Rd1 d5 27. Nde2 Re8 28. Ng3 g6 29.
fxg6+ Kxg6 30. Na4 Rb8 31. b3 Rb4 32. Nc5 Bc8 33. Nd3 Ne4+ 34. Nxe4 Rxe4 35. Kf3 Kg5 36. Nc5 Rxg4 37. Rxd5+ cxd5 38. hxg4 Bxg4+ 39. Kg3 Bc8 40. b4 h5 41. a4 h4+ 42. Kf2 d4 43. b5 axb5 44. axb5 h3 45. Kg3 Kf6 46. b6 Ke5 47. Nd3+ Ke4 48. Nf2+ Ke3 49. Nxh3 d3 0-1